 Dungeon Crawl Stone Soup version 0.30-a0-50-gb2d611f6b1 (webtiles) character file.

Game seed: 17674998266921290861

1129 gruber the Reanimator (level 8, -6/52 HPs)
             Began as a Demonspawn Necromancer on Sept 4, 2022.
             Mangled by Menkaure (15 damage)
             ... on level 4 of the Dungeon.
             The game lasted 00:04:41 (5289 turns).

gruber the Reanimator (Demonspawn Necromancer)      Turns: 5289, Time: 00:04:42

Health: -6/52      AC: 12    Str: 14    XL:     8   Next: 13%
Magic:  16/16      EV: 12    Int: 18    God:
Gold:   213        SH:  0    Dex: 15    Spells: 13/17 levels left

rFire   . . .      SeeInvis .    e - +1 mace (protect)
rCold   . . .      Faith    .    (no shield)
rNeg    . . .      Spirit   .    a - +0 robe
rPois   .          Reflect  .    (no helmet)
rElec   .          Harm     .    (no cloak)
rCorr   .          Rampage  .    q - +0 pair of gloves
Will    .....                    (no boots)
Stlth   ++........               (no amulet)
HPRegen 0.17/turn                o - +6 ring of strength
MPRegen 0.15/turn                (no ring)

@: sanguine armoured
A: hooves 1, demonic guardian 2, sanguine armour 2, demonic magic 1
a: no special abilities


You were on level 4 of the Dungeon.
You visited 1 branch of the dungeon, and saw 6 of its levels.

You collected 213 gold pieces.

Inventory:

Hand Weapons
 e - a +1 mace of protection (weapon)
Missiles
 g - 4 throwing nets
Armour
 a - a +0 robe (worn)
 q - a +0 pair of gloves (worn)
Jewellery
 o - a +6 ring of strength (left hand)
 u - a ring of ice
Wands
 p - a wand of roots (11)
Scrolls
 c - 2 scrolls of immolation {unknown}
 f - 2 scrolls of enchant weapon {unknown}
 h - 5 scrolls of identify {unknown}
 i - 2 scrolls of teleportation {unknown}
 k - 2 scrolls of magic mapping {unknown}
 s - 2 scrolls of blinking {unknown}
Potions
 b - a potion of magic
 d - a potion of heal wounds {unknown}
 j - a potion of lignification {unknown}
 l - a potion of flight {unknown}
 m - 2 potions of curing {unknown}
 n - 3 potions of brilliance {unknown}
 r - 2 potions of might {unknown}
 t - a potion of cancellation {unknown}
 v - a potion of resistance {unknown}


   Skills:
 - Level 1.7 Dodging
 - Level 1.7 Stealth
 + Level 5.4 Spellcasting
 * Level 9.7 Necromancy


You had 13 spell levels left.
You knew the following spells:

 Your Spells              Type           Power      Damage    Failure   Level
a - Necrotise             Necr           100%       1d9       1%          1
b - Vampiric Draining     Necr           39%        2d8       1%          3

Your spell library contained the following spells:

 Spells                   Type           Power      Damage    Failure   Level
 Animate Dead             Necr           39%        N/A       2%          4
 Agony                    Necr           39%        N/A       7%          5
 Gell's Gravitas          Tloc           4%         N/A       36%         3
 Lesser Beckoning         Tloc           4%         N/A       36%         3
 Teleport Other           Tloc           4%         N/A       36%         3
 Tukima's Dance           Hex            4%         N/A       36%         3
 Passage of Golubria      Tloc           4%         N/A       77%         4
 Yara's Violent Unravell  Hex/Tmut       2%         3d3       98%         5


Dungeon Overview and Level Annotations

Branches:
Dungeon (6/15)
 Temple: D:4-7

Altars:
Cheibriados
Hepliaklqana
Makhleb
Nemelex Xobeh
Ru
Sif Muna
Xom

Annotations:
D:4 Menkaure


Innate Abilities, Weirdness & Mutations

You have large cloven feet.
A demonic guardian rushes to your aid.
When seriously injured, your blood forms thick armour. (AC +9)
Spells you cast may paralyse adjacent enemies.


Message History

Menkaure misses you.
You hit Menkaure. Your kick misses Menkaure.
Menkaure is moderately damaged.
Menkaure calls on the powers of darkness!
Your body is wracked with pain!
Your blood congeals into armour.
You closely miss Menkaure.
Menkaure is moderately damaged.
Menkaure hits you but does no damage.
You hit Menkaure. Your kick misses Menkaure.
Menkaure is moderately damaged.
Menkaure hits you.
You hit Menkaure but do no damage.
Menkaure is moderately damaged.
Menkaure closely misses you.
You hit Menkaure but do no damage. You kick Menkaure, but do no damage.
Menkaure is moderately damaged.
Menkaure gestures wildly while chanting.
Menkaure seems to speed up.
You barely miss Menkaure. You kick Menkaure.
Menkaure is moderately damaged.
Menkaure hits you!
* * * LOW HITPOINT WARNING * * *
Menkaure closely misses you.
You closely miss Menkaure. Your kick misses Menkaure.
Menkaure is moderately damaged.
Menkaure hits you but does no damage. Menkaure closely misses you.
You barely miss Menkaure.
Menkaure is moderately damaged.
Menkaure blazes with dark energy!
Menkaure calls on the powers of darkness!
Your body is wracked with pain!
* * * LOW HITPOINT WARNING * * *
A demonic guardian appears!
Menkaure hits you but does no damage.
Unknown command.
Your orange demon stings Menkaure from afar!
Menkaure attacks as you move away! Menkaure misses you.
Menkaure points at you and mumbles some strange words.
You struggle to resist.
Menkaure attacks as you move away! Menkaure hits you!
You die...

.#...................#.....#.....
.#...................#.....#.....
.#...................#.....'.....
.#...................#.....#.....
.#...................#.....#.....
.#.....#########.....###+###.....
.#.....#.......#.................
.#.....#.......####'#............
.#.....#.......M@...#............
##.....#.......##...#............
.......#.......##...+............
.......#...>..4##...#............
.......#.......##...########.....
.......#.............#..>).'.....
(......#.............#.....#.....
.......#.............#.....#.....
##.....#.............#.....#.....


You could see Menkaure (fast).

Vanquished Creatures
  A water moccasin (D:5)
  An ogre (D:5)
  2 ice beasts (D:5)
  A necrophage (D:5)
  3 scorpions
  3 killer bees (D:5)
  3 hounds
  A gnoll bouda (D:5)
  An orc wizard (D:5)
  4 adders
  7 gnolls
  A worm (D:3)
  2 dart slugs
  6 orcs
  3 endoplasms
  3 giant cockroaches (D:1)
  6 goblins
  4 hobgoblins
  5 quokkas
  4 ball pythons
  10 bats
  2 frilled lizards (D:1)
  7 kobolds
  5 rats
85 creatures vanquished.

Vanquished Creatures (collateral kills)
  An orc priest (D:5)
  An iguana (D:4)
  2 gnolls
  A rat (D:1)
5 creatures vanquished.

Grand Total: 90 creatures vanquished

Notes
Turn   | Place    | Note
-------+----------+-------------------------------------------
     0 | D:1      | gruber the Demonspawn Necromancer began the quest for the
                  | Orb.
     0 | D:1      | Reached XP level 1. HP: 13/13 MP: 3/3
   155 | D:1      | Gained mutation: Spells you cast may paralyse adjacent
                  | enemies. [demonic ancestry]
   155 | D:1      | Reached XP level 2. HP: 19/19 MP: 3/5
   248 | D:1      | Found a faded altar of an unknown god.
   280 | D:1      | Reached skill level 5 in Necromancy
  1110 | D:2      | Gained mutation: A weak demonic guardian rushes to your
                  | aid. [demonic ancestry]
  1110 | D:2      | Reached XP level 3. HP: 24/24 MP: 2/6
  1568 | D:2      | Gained mutation: When seriously injured, your blood forms
                  | armour. (AC +9) [demonic ancestry]
  1568 | D:2      | Reached XP level 4. HP: 30/30 MP: 1/7
  2288 | D:3      | Learned a level 3 spell: Vampiric Draining
  2540 | D:3      | Found a burning altar of Makhleb.
  2542 | D:3      | Reached skill level 6 in Necromancy
  2556 | D:3      | Found a shimmering blue altar of Sif Muna.
  2966 | D:4      | Noticed a scorpion
  2966 | D:4      | Noticed a scorpion
  2979 | D:4      | Killed a scorpion
  2980 | D:4      | Gained mutation: A demonic guardian rushes to your aid.
                  | [demonic ancestry]
  2980 | D:4      | Reached XP level 5. HP: 28/35 MP: 3/9
  3059 | D:4      | Reached skill level 7 in Necromancy
  3162 | D:4      | Gained mutation: You have large cloven feet. [demonic
                  | ancestry]
  3162 | D:4      | Reached XP level 6. HP: 19/41 MP: 5/11
  3341 | D:4      | You fall into a shaft and drop 1 floor!
  3341 | D:5      | Entered Level 5 of the Dungeon
  3352 | D:5      | Noticed an ice beast
  3368 | D:5      | Killed an ice beast
  3603 | D:5      | Noticed an ice beast
  3614 | D:5      | Killed an ice beast
  3615 | D:5      | Reached skill level 8 in Necromancy
  3748 | D:5      | Gained mutation: When seriously injured, your blood forms
                  | thick armour. (AC +9) [demonic ancestry]
  3748 | D:5      | Reached XP level 7. HP: 46/46 MP: 8/13
  4312 | D:5      | Reached skill level 9 in Necromancy
  4392 | D:5      | Reached skill level 5 in Spellcasting
  4694 | D:5      | Reached XP level 8. HP: 42/52 MP: 8/15
  4866 | D:5      | Found a sparkling altar of Nemelex Xobeh.
  4869 | D:5      | Found a hazy altar of Hepliaklqana.
  4869 | D:5      | Found a sacrificial altar of Ru.
  4882 | D:5      | Found a snail-covered altar of Cheibriados.
  4885 | D:5      | Found a shimmering altar of Xom.
  5271 | D:4      | Noticed Menkaure
  5289 | D:4      | Mangled by Menkaure

Illustrated notes

Levels and vault maps discovered:
D:1:      sevenhm_arrival_forest_fort_large_4, layout_basic,
          basic_ecumenical_altar
D:2:      layout_loops_ring
D:3:      layout_loops_ring, mainiacjoe_overflow_large_starburst,
          lemuel_zombie_altar_yredelemnul
D:4:      layout_gridville, tso_oasis_becter, uniq_menkaure, uniq_natasha,
          uniq_duvessa
D:5:      layout_loops_ring, minmay_overflow_temple_star_hex,
          nicolae_concentric_dashed_squares_wild
D:6:      layout_basic, nicolae_water_bricks

Skill      XL: |  1  2  3  4  5  6  7 |
---------------+----------------------+-----
Necromancy     | 5 6 7 8 9 |  9.7
Spellcasting   | 3 4 5 |  5.4
Dodging        | |  1.7
Stealth        | |  1.7

Action                   |  1- 3 |  4- 6 |  7- 9 || total
-------------------------+-------+-------+-------++-------
Melee: Unarmed           |     4 |       |       ||     4
       Mace              |     8 |    16 |    25 ||    49
       Kick              |       |     3 |    15 ||    18
       Punch             |       |       |     1 ||     1
 Cast: Necrotise         |    49 |   100 |    74 ||   223
 Stab: Paralysed         |       |     5 |     6 ||    11
Armor: Robe              |     6 |    19 |    18 ||    43
Dodge: Dodged            |    28 |    25 |    42 ||    95

Table legend: (Time is in decaauts)
 A = Elapsed time spent in this place.
 B = Non-inter-level travel time spent in this place.
 C = Inter-level travel time spent in this place.
 D = Time resting spent in this place.
 E = Time spent auto-exploring this place.
 F = Levels seen in this place.
 G = Mean time per level.
                   A        B        C        D        E       F      G
               +--------+--------+--------+--------+--------+-----+--------+
         Total |   5309 |   5144 |    165 |    237 |   4242 |   6 |  884.8 |
       Dungeon |   5309 |   5144 |    165 |    237 |   4242 |   6 |  884.8 |
               +--------+--------+--------+--------+--------+-----+--------+

Top non-repeatable levels by time:
     D:5: 1805 daAuts
     D:1: 1273 daAuts
     D:2: 973 daAuts
     D:4: 677 daAuts
     D:3: 579 daAuts
     D:6: 1 daAuts
